 Dungeon Crawl Stone Soup version 0.27.0-1-g7a089689b8 (webtiles) character file.

Game seed: 4445515517310534677

4 Sobieck the Conjurer (level 1, -1/10 HPs)
             Began as a Tengu Conjurer on Aug 1, 2021.
             Slain by a jackal (3 damage)
             ... on level 1 of the Dungeon.
             The game lasted 00:00:27 (140 turns).

Sobieck the Conjurer (Tengu Conjurer)                Turns: 140, Time: 00:00:28

Health: -1/10      AC:  2    Str:  7    XL:     1   Next: 60%
Magic:  1/4        EV: 12    Int: 18    God:
Gold:   29         SH:  0    Dex: 12    Spells: 3/4 levels left

rFire    . . .     SeeInvis .   (no weapon)
rCold    . . .     Faith    .   (no shield)
rNeg     . . .     Spirit   .   a - +0 robe
rPois    .         Reflect  .   (helmet restricted)
rElec    .         Harm     .   (no cloak)
rCorr    .         Rampage  .   (no gloves)
Will     .....                  (boots unavailable)
Stlth    ++........             (no amulet)
HPRegen  0.03/turn              (no ring)
MPRegen  0.09/turn              (no ring)

@: no status effects
A: beak, talons 3
a: no special abilities


You were on level 1 of the Dungeon.
You visited 1 branch of the dungeon, and saw 1 of its levels.

You collected 29 gold pieces.


Innate Abilities, Weirdness & Mutations

You have a beak for a mouth.
You have claws for feet.


   Skills:
 - Level 2.1 Dodging
 - Level 2.0 Stealth
 + Level 2.1 Spellcasting
 + Level 5.4 Conjurations


You had 3 spell levels left.
You knew the following spells:

 Your Spells              Type           Power      Damage    Failure   Level
a - Magic Dart            Conj           84%        1d7       1%          1

Your spell library contained the following spells:

 Spells                   Type           Power      Damage    Failure   Level
 Searing Ray              Conj           42%        3d4       2%          2
 Dazzling Flash           Conj/Hex       22%        N/A       17%         3
 Fulminant Prism          Conj/Hex       5%         3d7       50%         4
 Iskenderun's Mystic Bla  Conj/Tloc      11%        2d4       50%         4

Inventory:

Missiles
 c - 21 bolts
Armour
 a - a +0 robe (worn)
Scrolls
 b - a scroll of blinking {unknown}
 e - a scroll of teleportation {unknown}
 f - a scroll of identify {unknown}
Potions
 d - a potion of berserk rage {unknown}

Dungeon Overview and Level Annotations

Branches:
Dungeon (1/15)

Altars:

########## .........####
###.####....################
♣≈≈........@h.........#
♣≈#♣♣##.##############.# ..
#..#.. .. #.# ... #.##.# #.
#.# ######..# #.##.#######.
#.#
.....#..###.##†......#.###.###
.<...#...##....# #.......#
.....#..#.♣###.# #########
.....#...# ###.#


You could see a jackal.


Message History

You add the spells Magic Dart, Searing Ray, Dazzling Flash, Fulminant Prism and Iskenderun's Mystic Blast to your library. 🤖 Initializing magus.rc ... ✅ Successfully initialized magus_sobieck.rc [v0.0.2] Welcome, Sobieck the Tengu Conjurer.
The bosom of this dungeon contains the transcendent artefact, the Orb of Zot.
Press ? for a list of commands and other information.
Found a staircase leading out of the dungeon.
Unknown command.
You open the large door.
There is a large open door here.
b - a scroll labelled WUROKH ILYO A hobgoblin comes into view.
Danger!
The magic dart hits the hobgoblin but does no damage.
The magic dart hits the hobgoblin but does no damage.
The magic dart hits the hobgoblin.
The magic dart hits the hobgoblin!
You kill the hobgoblin!
You are too depleted to draw on your mana recklessly!
c - 21 bolts You now have 14 gold pieces.
d - a coppery potion You now have 29 gold pieces (gained 15).
e - a scroll labelled YCAYRIS DAOX
f - a scroll labelled GIRRA JE USYO 2 jackals come into view.
Danger!
The magic dart hits the jackal!
You kill the jackal!
The jackal barks!
You hear a bark!
The magic dart hits the jackal.
A jackal comes into view.
The magic dart hits the jackal.
You kill the jackal!
The magic dart hits the jackal.
You are too depleted to draw on your mana recklessly!
You are too depleted to draw on your mana recklessly!
Unknown command.
The jackal bites you. The jackal bites you. The jackal closely misses you.
The jackal bites you.
The jackal bites you but does no damage.
You are too injured to fight recklessly!
Unknown command.
Casting: Magic Dart (safe; 1% risk of failure)
Confirm with . or Enter, or press ? or * to list all spells.
Aiming: Magic Dart (safe; 1% risk of failure)
Press: ? - help, Shift-Dir - straight line, f/p - jackal
Aim: a jackal (100% to hit)
The magic dart hits the jackal.
The jackal bites you.
* * * LOW HITPOINT WARNING * * *
Unknown command.
The jackal bites you.
* * * LOW HITPOINT WARNING * * *
The jackal bites you.
* * * LOW HITPOINT WARNING * * *
The jackal bites you.
You die...

Action                   || total
-------------------------++-------
 Cast: Magic Dart        ||     9
Armor: Robe              ||     1
Dodge: Dodged            ||     1

Levels and vault maps discovered:
D:1:      saegor_arrival_under_anarchy, layout_basic

Notes
Turn   | Place    | Note
-------+----------+-------------------------------------------
     0 | D:1      | Sobieck the Tengu Conjurer began the quest for the Orb.
     0 | D:1      | Reached XP level 1. HP: 10/10 MP: 4/4
   137 | D:1      | HP: 2/10 [jackal (2)]
   140 | D:1      | Slain by a jackal

Vanquished Creatures
  A hobgoblin (D:1)
  2 jackals (D:1)
3 creatures vanquished.

Table legend:
 A = Non-vault XP
 B = Vault XP
 C = Vault XP percentage of total XP
 D = Non-vault monster count
 E = Vault monster count
 F = Vault count percentage of total count
                 A         B        C        D         E       F
            +---------+---------+-------+---------+---------+-------
      Total |       6 |       0 |   0.0 |       3 |       0 |   0.0
            +---------+---------+-------+---------+---------+-------
        D:1 |       6 |       0 |   0.0 |       3 |       0 |   0.0
            +---------+---------+-------+---------+---------+-------

Illustrated notes

Table legend:
 A = Kills in this place as a percentage of kills in entire the game.
 B = Kills by you in this place as a percentage of kills by you in the entire game.
 C = Kills by friends in this place as a percentage of kills by friends in the entire game.
 D = Other kills in this place as a percentage of other kills in the entire game.
 E = Experience gained in this place as a percentage of experience gained in the entire game.
 F = Experience gained in this place divided by the number of levels of this place that you have seen.
                   A       B       C       D       E      F
               +-------+-------+-------+-------+-------+----------------------
         Total | 100.0 | 100.0 |   N/A |   N/A | 100.0 |   6.0
       Dungeon | 100.0 | 100.0 |   N/A |   N/A | 100.0 |   6.0
               +-------+-------+-------+-------+-------+----------------------

Table legend: (Time is in decaauts)
 A = Elapsed time spent in this place.
 B = Non-inter-level travel time spent in this place.
 C = Inter-level travel time spent in this place.
 D = Time resting spent in this place.
 E = Time spent auto-exploring this place.
 F = Levels seen in this place.
 G = Mean time per level.
                   A        B        C        D        E       F      G
               +--------+--------+--------+--------+--------+-----+--------+
         Total |    140 |    140 |      0 |      0 |    109 |   1 |  140.0 |
       Dungeon |    140 |    140 |      0 |      0 |    109 |   1 |  140.0 |
               +--------+--------+--------+--------+--------+-----+--------+

Top non-repeatable levels by time:
     D:1: 140 daAuts
